 Dungeon Crawl Stone Soup version 0.30-b1-5-g8e6c1be481 (webtiles) character file.

Game seed: 17997682535461091339

12 croobank the Trooper (level 2, 0/16 HPs)
             Began as a Vine Stalker Fighter on May 5, 2023.
             Succumbed to a goblin's poison
             ... on level 1 of the Dungeon.
             The game lasted 00:03:05 (367 turns).

croobank the Trooper (Vine Stalker Fighter)          Turns: 367, Time: 00:03:05

Health: 0/16       AC:  6    Str: 18    XL:     2   Next: 33%
Magic:  3/3        EV: 14    Int:  8    God:
Gold:   0          SH:  4    Dex: 13    Spells: 1/1 levels left

rFire   . . .        a - +1 flail
rCold   . . .        c - +0 buckler
rNeg    . . .        b - +0 scale mail
rPois   .            (no helmet)
rElec   .            (no cloak)
rCorr   .            (no gloves)
SInv    .            (no boots)
Will    .....        (no amulet) Stlth
                     j - +5 ring of evasion
HPRegen 0.22/turn    (no ring)
MPRegen 0.08/turn

%: guardian spirit
@: lethally poisoned (0 -> -3), hasted, very quick
A: fangs 2, magic shield, antimagic bite, no potion heal 2
a: no special abilities


You were on level 1 of the Dungeon.
You visited 1 branch of the dungeon, and saw 1 of its levels.

Inventory:

Hand Weapons
 a - a +1 flail (weapon)
 h - a +0 short sword
Armour
 b - a +0 scale mail (worn)
 c - a +0 buckler (worn)
Jewellery
 j - a +5 ring of evasion (left hand)
Scrolls
 f - a scroll of butterflies
 g - a scroll of fog {unknown}
Potions
 d - a potion of might


   Skills:
 + Level 2.8 Fighting
 + Level 2.0 Maces & Flails
 + Level 2.5 Armour
 + Level 0.1 Dodging
 + Level 2.8 Shields


You had one spell level left.
You didn't know any spells.
Your spell library was empty.

Dungeon Overview and Level Annotations

Branches:
Dungeon (1/15)

Altars:


Innate Abilities, Weirdness & Mutations

You have extremely sharp teeth.
When hurt, damage is shared between your health and your magic reserves.
Your bite disrupts and absorbs the magic of your enemies.
Potions cannot restore your health.


Message History

You sock the rat!
You kill the rat!
No target in view!
j - a +5 ring of evasion (left hand)
A goblin comes into view.
It is wielding a +0 dagger and quivering poisoned darts.
The goblin throws a poisoned dart.
The poisoned dart hits you!
You are poisoned.
You see here 10 gold pieces.
You feel very sick.
You feel sick.
You feel sick.
You feel sick.
You feel sick.
You feel sick.
You feel sick.
You feel sick.
You feel sick.
You are no longer poisoned.
The goblin throws a poisoned dart.
The poisoned dart barely misses you.
The goblin throws a poisoned dart.
The poisoned dart hits you!
You are lethally poisoned!
You feel very sick.
* * * LOW HITPOINT WARNING * * *
You feel sick.
* * * LOW HITPOINT WARNING * * *
You feel sick.
It was a potion of haste.
You feel yourself speed up.
* * * LOW HITPOINT WARNING * * *
You feel sick.
Okay, then.
Okay, then.
Okay, then.
As you read the scroll labelled WOPEIWKIGI, it crumbles to dust.
You hear the flapping of tiny wings.
It was a scroll of butterflies.
Nothing quivered!
Unknown command.
As you read the scroll labelled WITWE ZOUVEM, it crumbles to dust.
It is a scroll of enchant weapon.
Your +0 flail glows red for a moment.
You die...

#####.##.#.#####.#####.# #.#
#.##.#.#####.#####.# #.# ##
#.##.#.............# #.#
...#.##.#######.############.#
#......g.......)............#
######.#.#######b##############
.........### #b# .#####.....#
#b# . #######.### #@#
.###.........# #b#
.............# #b#
.$.g.......#.# #b#
...........#.###.#
.......#.###.....# .#####.#.#
#.##..# . #.#.# #.##..# . #.#.#
#.##..#


There were no monsters in sight!

Vanquished Creatures
  A ball python (D:1)
  2 bats (D:1)
  A goblin (D:1)
  3 hobgoblins (D:1)
  A kobold (D:1)
  A frilled lizard (D:1)
  A rat (D:1)
10 creatures vanquished.

Notes
Turn   | Place    | Note
-------+----------+-------------------------------------------
     0 | D:1      | croobank the Vine Stalker Fighter began the quest for the
                  | Orb.
     0 | D:1      | Reached XP level 1. HP: 11/11 MP: 2/2
   133 | D:1      | Reached XP level 2. HP: 16/16 MP: 3/3
   367 | D:1      | Succumbed to a goblin's poison

Illustrated notes

Levels and vault maps discovered:
D:1:      elethiomel_arrival_infinity_welcomes_careful_drivers, layout_basic,
          minmay_tripent

Skill      XL: |  1  2 |
---------------+-------+-----
Maces & Flails | 2 |  2.0
Fighting       | |  2.8
Armour         | |  2.5
Dodging        | |  0.1
Shields        | |  2.8

Action                     || total
---------------------------++-------
  Melee: Flail             ||    25
         Bite              ||     6
    Use: Scroll            ||     2
         Potion            ||     1
 Armour: Scale mail        ||    13
  Dodge: Dodged            ||    17
  Block: Buckler           ||     7
